 Dungeon Crawl Stone Soup version 0.23-a0-309-ge7838e6 (webtiles) character file.

41144 epen the Thaumaturge (level 14, -6/121 HPs)
             Began as a Gnoll Skald on Oct 11, 2018.
             Was the Champion of Ru.
             Mangled by a sun demon (19 damage)
             ... on level 2 of the Orcish Mines.
             The game lasted 00:56:29 (23399 turns).

epen the Thaumaturge (Gnoll Skald)                 Turns: 23399, Time: 00:56:30

Health: -6/121     AC: 16    Str: 18    XL:     14   Next: 14%
Magic:  25/28      EV: 15    Int: 18    God:    Ru [******]
Gold:   1725       SH:  0    Dex: 17    Spells: 23/33 levels left

rFire    + + .     SeeInvis .   g - +8 halberd of Disarray {chop, rPois rN+ Dex+3}
rCold    . . .     Gourm    .   (shield currently unavailable)
rNeg     + . .     Faith    .   D - +2 scale mail {rF+}
rPois    +         Spirit   .   (no helmet)
rElec    .         Reflect  .   Q - +2 cloak {rF+}
rCorr    .         Harm     .   C - +1 pair of gloves
MR       ++...     Clarity  +   (no boots)
Stlth    +++++.....             (no amulet)
HPRegen  0.00/turn              A - ring of protection from magic
MPRegen  0.21/turn              s - ring of Shadows {Umbra +Inv Stlth+}

@: wreathed by umbra, studying Unarmed Combat, drained
A: distributed training, fangs 1, clarity, robust 1, inhibited regeneration,
wild magic 1, inability to use devices, unskilled 1, inexperienced 1, strong
nose
a: Draw Out Power, Power Leap, Apocalypse, Renounce Religion


You were on level 2 of the Orcish Mines.
You worshipped Ru.
Ru was exalted by your worship.
You were not hungry.

You visited 4 branches of the dungeon, and saw 22 of its levels.
You also visited: Volcano.

You collected 1968 gold pieces.
You spent 243 gold pieces at shops.

Inventory:

Hand Weapons
 a - a +0 falchion
 f - a +0 dagger of venom
 g - the +8 halberd of Disarray (weapon) {chop, rPois rN+ Dex+3}
   (You bought it in a shop on level 4 of the Dungeon)

   It inflicts extra damage upon your enemies.
   It affects your dexterity (+3).
   It protects you from poison.
   It protects you from negative energy.
 u - a +1 trident of draining
 H - a +4 scimitar of flaming
 R - a cursed +2 quick blade of flaming
 S - the +13 scythe of Curses {drain, *Curse}
   (You found it on level 6 of the Lair of Beasts)

   A truly terrible weapon, it drains the life of those it strikes.
   It curses itself when equipped.
Armour
 C - a +1 pair of gloves (worn)
 D - a +2 scale mail of fire resistance (worn)
 K - a scarf of cloud immunity
 Q - a +2 cloak of fire resistance (worn)
Jewellery
 o - an uncursed ring of wizardry {unknown}
 s - the ring of Shadows (right hand) {Umbra +Inv Stlth+}
   (You found it on level 13 of the Dungeon)

   [ring of stealth]

   It lets you turn invisible.
   It makes you more stealthy.
 y - an uncursed ring of poison resistance
 A - a ring of protection from magic (left hand)
Scrolls
 i - 5 scrolls of amnesia
 j - 9 scrolls of enchant weapon
 k - 3 scrolls of noise
 l - 5 scrolls of remove curse
 p - a scroll of blinking
 r - a scroll of teleportation
 t - 5 scrolls of enchant armour
 x - 2 scrolls of brand weapon
 z - 2 scrolls of fog
 F - a scroll of random uselessness
 I - 5 scrolls of magic mapping
 J - 4 scrolls of identify
 P - a scroll of acquirement {unknown}
Potions
 d - a potion of flight
 e - 2 potions of agility
 h - 3 potions of might
 m - a potion of invisibility
 n - 2 potions of curing
 q - 5 potions of haste
 v - a potion of brilliance {unknown}
 w - a potion of heal wounds
 B - a potion of ambrosia
 L - a potion of magic
 M - a potion of cancellation
 N - a potion of resistance
 O - a potion of berserk rage
Books
 U - a manual of Unarmed Combat
Comestibles
 b - 7 chunks of flesh
 c - 40 rations


   Skills:
 + Level 10.3(9.0) Fighting
 + Level 9.4(8.2) Short Blades
 + Level 10.3(9.0) Long Blades
 + Level 9.4(8.2) Axes
 + Level 9.4(8.2) Maces & Flails
 + Level 9.4(8.2) Polearms
 + Level 9.4(8.2) Staves
 + Level 9.4(8.2) Slings
 + Level 9.4(8.2) Bows
 + Level 9.4(8.2) Crossbows
 + Level 9.4(8.2) Throwing
 + Level 9.7(8.5) Armour
 + Level 10.3(9.0) Dodging
 + Level 9.4(8.2) Stealth
 + Level 9.4(8.2) Shields
 + Level 10.0(8.8) Unarmed Combat
 + Level 10.4(9.1) Spellcasting
 + Level 7.9(6.7) Conjurations
 + Level 7.9(6.7) Hexes
 + Level 9.4(8.1) Charms
 + Level 7.9(6.7) Summonings
 + Level 7.9(6.7) Necromancy
 + Level 7.9(6.7) Translocations
 + Level 7.9(6.7) Transmutations
 + Level 7.9(6.7) Fire Magic
 + Level 7.9(6.7) Ice Magic
 + Level 7.9(6.7) Air Magic
 + Level 7.9(6.7) Earth Magic
 + Level 7.9(6.7) Poison Magic
 + Level 10.2(8.9) Invocations
   Level 0.0 Evocations


You had 23 spell levels left.
You knew the following spells:

 Your Spells              Type           Power        Failure   Level  Hunger
a - Shroud of Golubria    Chrm/Tloc      #####.....   3%          2    None
b - Regeneration          Chrm/Necr      #####.....   5%          3    None
c - Spectral Weapon       Hex/Chrm       #####...     5%          3    None
d - Song of Slaying       Chrm           #####...     2%          2    None

Your spell library contained the following spells:

 Spells                   Type           Power        Failure   Level  Hunger
 Infusion                 Chrm           ####         1%          1    None
 Magic Dart               Conj           ####         3%          1    None
 Blink                    Tloc           N/A          4%          2    None
 Call Imp                 Summ           #####...     4%          2    None
 Corpse Rot               Necr           N/A          4%          2    None
 Slow                     Hex            #####...     4%          2    None
 Conjure Flame            Conj/Fire      #####...     7%          3    None
 Gell's Gravitas          Tloc           #####.....   7%          3    None
 Mephitic Cloud           Conj/Pois/Air  #####...     7%          3    None
 Recall                   Summ/Tloc      N/A          7%          3    None
 Stone Arrow              Conj/Erth      #####.       7%          3    None
 Teleport Other           Tloc           #####...     7%          3    None
 Leda's Liquefaction      Hex/Erth       #####.....   21%         4    ###....
 Iskenderun's Battlesphe  Conj/Chrm      #####...     38%         5    #####..
 Summon Forest            Summ/Tloc      #####.....   47%         5    #####..
 Hydra Form               Tmut           #####.....   95%         6    ######.
 Summon Hydra             Summ           #####.....   100%        7    #######


Dungeon Overview and Level Annotations

Branches:
Dungeon (13/15)            Temple (1/1) D:5            Lair (6/6) D:11
 Shoals (0/4) Lair:4       Spider (0/4) Lair:2        Slime (0/5) Lair:5
    Orc (2/2) D:9             Elf (0/3) Orc:2        Vaults (0/5) D:13

Altars:
Ashenzari
Cheibriados
Dithmenos
Elyvilon
Fedhas
Gozag
Hepliaklqana
Kikubaaqudgha
Makhleb
Nemelex Xobeh
Okawaru
Qazlal
Ru
Sif Muna
Trog
Uskayaw
Vehumet
Wu Jian
Xom
Yredelemnul
Zin
The Shining One
Beogh

Shops:
D:4 [(((   D:13 }   Orc:1 ?   Orc:2 *!*

Portals:
Trove: D:10 (give 4 potions of resistance)

Annotations:
D:10 4 runed doors
Lair:5 exclusion: oklob plant


Innate Abilities, Weirdness & Mutations

Your experience applies equally to all skills.
You have very sharp teeth.
You do not regenerate when monsters are visible.
You cannot study or use magical devices.
You are somewhat unskilled. (-1 Apt)
You are somewhat inexperienced. (-2 XL)
Your uncanny sense of smell can sniff out nearby items.
You possess an exceptional clarity of mind.
You are robust. (+10% HP)
Your spells are a little harder to cast, but a little more powerful.


Message History

The sun demon misses itself.
Attack whom?
Press: ? - help, Dir - move target cursor, f/p - sun demon
Aim: a sun demon (heavily wounded, umbra)
You hit the sun demon.
The sun demon is heavily wounded.
Your spectral weapon hits the sun demon!
The sun demon hits you.
* * * LOW HITPOINT WARNING * * *
You are engulfed in flames.
You resist.
* * * LOW HITPOINT WARNING * * *
The sun demon is stunned by your will and fails to attack.
Attack whom?
Press: ? - help, Dir - move target cursor, f/p - sun demon
Aim: a sun demon (almost dead, umbra)
You miss the sun demon.
The sun demon is almost dead.
Your spectral weapon barely misses the sun demon.
The sun demon hits you!!
You die...

.........###..)##
..........###.#)##
...........###...## #
............###...## ##
.........##..###...## ##.
.........###..###.3.## ##..
..........###..###o..## ##..#
...........###.†##))..#..
##)(##
...........####.@#)#.....#
#).##
.......#....####(3....)..))))##
...........#.####)..#.#.#)))#
..............# ##......).)#
.............## ##..#.#.)#
............## #.....#
.......#...## #∩.∩#
..........## #.## .........##
##


You could see a sun demon and a friendly spectral halberd of Disarray {chop,
rPois rN+ Dex+3}.

Vanquished Creatures
  Rupert (D:13)
  Nessos (D:12)
  Fannar (D:12)
  A fire dragon (Volcano)
  7 hydras
  Erica (D:9)
  A merfolk avatar (Lair:6)
  2 centaur warriors
  4 two-headed ogres
  2 death knights (D:12)
  A hell hog (Volcano)
  4 death yaks
  Urug (Lair:1)
  A sea snake (Lair:6)
  A slime creature (D:11)
  2 unseen horrors
  Pikel (D:9)
  A deep elf mage (D:12)
  A phantasmal warrior (D:12)
  2 harpies (Lair:6)
  6 orc knights
  3 ugly things
  An orc sorcerer (Orc:1)
  2 oklob plants (Lair:2)
  A wolf spider (D:13)
  A cyclops (D:12)
  5 manticores
  4 merfolk sirens (Lair:4)
  10 elephants
  6 black mambas
  A gargoyle (D:12)
  An eye of devastation (shapeshifter) (D:13)
  3 centaur skeletons
  8 spiny frogs
  3 rime drakes
  14 komodo dragons
  A hellwing (Orc:2)
  2 meliai (Lair:4)
  A tengu conjurer (D:12)
  2 queen bees
  A wind drake (Lair:6)
  5 trolls
  2 hornets (Lair:6)
  6 polar bears
  11 hippogriffs
  7 dream sheep (Lair:4)
  Prince Ribbit (D:8)
  12 blink frogs
  A meliai zombie (D:13)
  2 ynoxinuls (Orc:2)
  2 wyverns (Lair:6)
  13 fire bats (Volcano)
  14 humans (D:13)
  27 yaks
  7 basilisks
  2 steam dragons
  3 vampire mosquitoes
  A hungry ghost (D:12)
  2 acid dragons
  18 water moccasins
  4 hell hounds
  7 porcupines
  2 ice beasts
  4 sky beasts
  22 orc warriors
  2 black bears
  5 phantoms
  13 ogres
  4 boggarts (Lair:5)
  18 wolves
  18 centaurs
  20 crocodiles
  2 big kobolds
  Blork the orc (D:5)
  10 bullfrogs
  A gnoll sergeant (Orc:2)
  A wyvern skeleton (D:11)
  6 scorpions
  46 killer bees
  3 howler monkeys (D:8)
  2 electric eels (Lair:2)
  7 wights
  4 lava snakes (Volcano)
  A bullfrog zombie (D:5)
  6 centaur zombies
  5 crimson imps
  13 hounds
  25 orc priests
  4 jellies
  19 orc wizards
  4 iguanas
  2 hell rats (Lair:4)
  14 worker ants
  A hound zombie (D:5)
  A hound skeleton (D:7)
  A howler monkey zombie (D:6)
  6 gnolls
  2 worker ant zombies
  12 adders
  A river rat (Lair:4)
  3 shadow imps
  An ooze (D:2)
  3 adder zombies
  3 adder skeletons
  2 worms
  2 dart slugs
  9 leopard geckos
  81 orcs
  9 giant cockroaches
  8 goblins
  3 hobgoblins
  8 jackals
  11 kobolds
  4 quokkas
  A ball python (D:2)
  11 bats
  4 frilled lizards
  A jackal skeleton (D:9)
  A quokka skeleton (D:4)
  12 rats
  2 plants
746 creatures vanquished.

Vanquished Creatures (collateral kills)
  A spiny frog (Lair:6)
  A komodo dragon (Lair:6)
  A fungus (Lair:6)
3 creatures vanquished.

Vanquished Creatures (others)
  A hydra (Lair:3)
  2 two-headed ogres
  A komodo dragon (Lair:6)
  A meliai (Lair:4)
  2 humans (D:13)
  A bullfrog (Lair:3)
  An orc wizard (D:8)
  An orc (D:9)
  A bush (Lair:6)
  15 fungi
  33 plants
  26 spectral weapons
85 creatures vanquished.

Grand Total: 834 creatures vanquished

Notes
Turn   | Place    | Note
-------+----------+-------------------------------------------
     0 | D:1      | epen the Gnoll Skald began the quest for the Orb.
     0 | D:1      | Reached XP level 1. HP: 20/20 MP: 6/6
     0 | D:1      | epen: !lg
     0 | D:1      | beem: 1395. epen the Hoplite (L27 GnFi of Ashenzari),
                  | escaped with the Orb and 5 runes on 2018-10-11 14:29:31,
                  | with 2912901 points after 82914 turns and 4:22:33.
   400 | D:1      | Reached XP level 2. HP: 26/26 MP: 7/7
   406 | D:1      | Learned a level 2 spell: Song of Slaying
   779 | D:2      | Reached XP level 3. HP: 31/31 MP: 9/9
   813 | D:2      | Reached skill level 5 in Spellcasting
  1086 | D:2      | Reached skill level 1 in Short Blades
  1086 | D:2      | Reached skill level 1 in Axes
  1086 | D:2      | Reached skill level 1 in Maces & Flails
  1086 | D:2      | Reached skill level 1 in Polearms
  1086 | D:2      | Reached skill level 1 in Staves
  1086 | D:2      | Reached skill level 1 in Slings
  1086 | D:2      | Reached skill level 1 in Bows
  1086 | D:2      | Reached skill level 1 in Crossbows
  1086 | D:2      | Reached skill level 1 in Throwing
  1086 | D:2      | Reached skill level 1 in Stealth
  1086 | D:2      | Reached skill level 1 in Shields
  1086 | D:2      | Reached skill level 1 in Unarmed Combat
  1086 | D:2      | Reached skill level 1 in Invocations
  1086 | D:2      | Reached skill level 1 in Evocations
  1086 | D:2      | Reached XP level 4. HP: 23/38 MP: 11/11
  1105 | D:2      | Learned a level 3 spell: Spectral Weapon
  1109 | D:2      | Learned a level 3 spell: Regeneration
  1597 | D:3      | Noticed a hand axe
  1598 | D:3      | Found a hide-covered altar of Uskayaw.
  1598 | D:3      | Noticed a hand axe
  1725 | D:3      | Reached skill level 1 in Conjurations
  1725 | D:3      | Reached skill level 1 in Hexes
  1725 | D:3      | Reached skill level 1 in Summonings
  1725 | D:3      | Reached skill level 1 in Necromancy
  1725 | D:3      | Reached skill level 1 in Translocations
  1725 | D:3      | Reached skill level 1 in Transmutations
  1725 | D:3      | Reached skill level 1 in Fire Magic
  1725 | D:3      | Reached skill level 1 in Ice Magic
  1725 | D:3      | Reached skill level 1 in Air Magic
  1725 | D:3      | Reached skill level 1 in Earth Magic
  1725 | D:3      | Reached skill level 1 in Poison Magic
  1904 | D:3      | Found a bloodstained altar of Trog.
  1938 | D:3      | Reached XP level 5. HP: 41/43 MP: 8/12
  2041 | D:3      | Found a shattered altar of Ashenzari.
  2041 | D:3      | Found a white marble altar of Elyvilon.
  2239 | D:4      | Found Momidd's Antique Weapon Shop.
  2611 | D:4      | Found Qoawig's Antique Weapon Emporium.
  2687 | D:4      | Reached XP level 6. HP: 36/50 MP: 9/13
  2706 | D:4      | Reached skill level 5 in Fighting
  2706 | D:4      | Reached skill level 5 in Long Blades
  2706 | D:4      | Reached skill level 5 in Dodging
  2863 | D:4      | Found Kuulips's Weapon Boutique.
  2927 | D:4      | Found Oxisti's Antique Armour Shop.
  3067 | D:4      | Found an opulent altar of Gozag.
  3132 | D:5      | Entered Level 5 of the Dungeon
  3320 | D:5      | Found a staircase to the Ecumenical Temple.
  3336 | Temple   | Entered the Ecumenical Temple
  3475 | Temple   | Became a worshipper of Ru the Awakened
  3575 | D:5      | Reached XP level 7. HP: 51/56 MP: 9/15
  3791 | D:5      | Noticed Blork the orc
  3802 | D:5      | Killed Blork the orc
  4559 | D:4      | Bought a faintly glowing halberd for 243 gold pieces
  4559 | D:4      | Identified the +8 halberd of Disarray {chop, rPois rN+
                  | Dex+3} (You bought it in a shop on level 4 of the Dungeon)
  4652 | D:6      | Reached XP level 8. HP: 63/63 MP: 12/16
  4673 | D:6      | Learned a level 2 spell: Shroud of Golubria
  5233 | D:7      | Reached XP level 9. HP: 69/69 MP: 15/18
  5735 | D:8      | Noticed Prince Ribbit
  5743 | D:8      | Killed Prince Ribbit
  5743 | D:8      | Reached skill level 5 in Armour
  5875 | D:8      | Reached skill level 5 in Invocations
  5879 | D:8      | Noticed a queen bee
  5881 | D:8      | Killed a queen bee
  5988 | D:8      | Reached XP level 10. HP: 74/77 MP: 13/20
  6135 | D:8      | Reached skill level 5 in Short Blades
  6135 | D:8      | Reached skill level 5 in Axes
  6135 | D:8      | Reached skill level 5 in Maces & Flails
  6135 | D:8      | Reached skill level 5 in Polearms
  6135 | D:8      | Reached skill level 5 in Staves
  6135 | D:8      | Reached skill level 5 in Slings
  6135 | D:8      | Reached skill level 5 in Bows
  6135 | D:8      | Reached skill level 5 in Crossbows
  6135 | D:8      | Reached skill level 5 in Throwing
  6135 | D:8      | Reached skill level 5 in Stealth
  6135 | D:8      | Reached skill level 5 in Shields
  6135 | D:8      | Reached skill level 5 in Unarmed Combat
  6135 | D:8      | Reached skill level 5 in Evocations
  6223 | D:8      | Found a sparkling altar of Nemelex Xobeh.
  6357 | D:8      | Noticed a two-headed ogre
  6485 | D:8      | Killed a two-headed ogre
  6841 | D:9      | Found a glowing golden altar of the Shining One.
  6915 | D:9      | Noticed Pikel
  6923 | D:9      | Killed Pikel
  7201 | D:9      | Noticed Erica
  7209 | D:9      | Killed Erica
  7209 | D:9      | Reached XP level 11. HP: 57/84 MP: 19/22
  7432 | D:9      | Found a staircase to the Orcish Mines.
  7703 | D:10     | Entered Level 10 of the Dungeon
  8098 | D:10     | Reached skill level 5 in Conjurations
  8098 | D:10     | Reached skill level 5 in Hexes
  8098 | D:10     | Reached skill level 5 in Summonings
  8098 | D:10     | Reached skill level 5 in Necromancy
  8098 | D:10     | Reached skill level 5 in Translocations
  8098 | D:10     | Reached skill level 5 in Transmutations
  8098 | D:10     | Reached skill level 5 in Fire Magic
  8098 | D:10     | Reached skill level 5 in Ice Magic
  8098 | D:10     | Reached skill level 5 in Air Magic
  8098 | D:10     | Reached skill level 5 in Earth Magic
  8098 | D:10     | Reached skill level 5 in Poison Magic
  8302 | D:10     | Noticed a two-headed ogre
  8307 | D:10     | Killed a two-headed ogre
  8462 | D:10     | Found a huge runed gate.
  8462 | D:10     | Found a huge runed gate.
  8462 | D:10     | Found a huge runed gate.
  8462 | D:10     | Found a huge runed gate.
  8462 | D:10     | Noticed a manticore
  8462 | D:10     | Noticed a death yak
  8463 | D:10     | Noticed a manticore
  8495 | D:10     | HP: 1/85 [something (6)]
  8497 | D:10     | Killed an unseen horror
  8903 | D:10     | Found a portal to a secret trove of treasure.
  9102 | D:11     | HP: 3/86 [crocodile (7)]
  9437 | D:11     | Noticed a two-headed ogre
  9444 | D:11     | Killed a two-headed ogre
  9524 | D:11     | Gained mutation: You cannot study or use magical devices.
                  | [Ru sacrifice]
  9524 | D:11     | Reached * piety under Ru
  9524 | D:11     | Reached ** piety under Ru
  9525 | D:11     | Found a blossoming altar of Fedhas.
  9624 | D:11     | Found a staircase to the Lair.
  9793 | D:11     | Noticed a white ugly thing
  9798 | D:11     | Reached XP level 12. HP: 85/93 MP: 16/24
 10393 | Lair:1   | Entered Level 1 of the Lair of Beasts
 10694 | Lair:1   | Noticed Urug
 10708 | Lair:1   | HP: 3/94 [Urug/enchanted double sword (9)]
 11037 | Lair:1   | Killed Urug
 11675 | Lair:2   | Gained mutation: You are somewhat unskilled. (-1 Apt) [Ru
                  | sacrifice]
 11675 | Lair:2   | Reduced skill Conjurations to level 5
 11675 | Lair:2   | Reduced skill Hexes to level 5
 11675 | Lair:2   | Reduced skill Summonings to level 5
 11675 | Lair:2   | Reduced skill Necromancy to level 5
 11675 | Lair:2   | Reduced skill Translocations to level 5
 11675 | Lair:2   | Reduced skill Transmutations to level 5
 11675 | Lair:2   | Reduced skill Fire Magic to level 5
 11675 | Lair:2   | Reduced skill Ice Magic to level 5
 11675 | Lair:2   | Reduced skill Air Magic to level 5
 11675 | Lair:2   | Reduced skill Earth Magic to level 5
 11675 | Lair:2   | Reduced skill Poison Magic to level 5
 11675 | Lair:2   | Reached *** piety under Ru
 11675 | Lair:2   | Reached **** piety under Ru
 11702 | Lair:2   | Found a dark tunnel.
 11750 | Volcano  | Entered a volcano
 12116 | Volcano  | Noticed a hell hog
 12138 | Volcano  | Noticed a fire dragon
 12142 | Volcano  | Killed a hell hog
 12156 | Volcano  | Killed a fire dragon
 12166 | Volcano  | Found a burning altar of Makhleb.
 12276 | Lair:2   | Reached XP level 13. HP: 98/98 MP: 25/25
 12687 | Lair:2   | Found a hole to the Spider Nest.
 13144 | Lair:3   | Gained mutation: You are robust. (+10% HP) [potion of
                  | mutation]
 13144 | Lair:3   | Gained mutation: You possess an exceptional clarity of
                  | mind. [potion of mutation]
 13144 | Lair:3   | Gained mutation: Your spells are a little harder to cast,
                  | but a little more powerful. [potion of mutation]
 13981 | Lair:4   | Identified the Almanac of Twisted Attacks
 14346 | Lair:4   | HP: 5/111 [killer bee (4)]
 14477 | Lair:4   | Reached XP level 14. HP: 116/118 MP: 23/27
 15296 | Lair:4   | Found a staircase to the Shoals.
 16201 | Lair:5   | Found a staircase to the Slime Pits.
 16327 | Lair:6   | Entered Level 6 of the Lair of Beasts
 16488 | Lair:6   | Found the cursed +13 scythe of Curses {drain, *Curse}
 17351 | Lair:6   | Gained mutation: You do not regenerate when monsters are
                  | visible. [Ru sacrifice]
 17540 | Lair:6   | Reached XP level 15. HP: 126/126 MP: 24/28
 18371 | D:12     | Noticed Nessos
 18383 | D:12     | Killed Nessos
 18600 | D:12     | Reached skill level 10 in Spellcasting
 19091 | D:12     | Noticed Fannar
 19106 | D:12     | Killed Fannar
 20222 | D:12     | Reached skill level 10 in Fighting
 20222 | D:12     | Reached skill level 10 in Long Blades
 20222 | D:12     | Reached skill level 10 in Dodging
 20394 | D:13     | Found a gate to the Vaults.
 20394 | D:13     | Found the ring of Shadows {Umbra +Inv Stlth+}
 20394 | D:13     | Noticed Rupert
 20833 | D:13     | Killed Rupert
 20857 | D:13     | Reached skill level 10 in Invocations
 20874 | D:13     | Gained mutation: You are somewhat inexperienced. (-2 XL)
                  | [Ru sacrifice]
 20874 | D:13     | Reached XP level 14. HP: 45/121 MP: 28/28
 20874 | D:13     | Reached XP level 13. HP: 45/113 MP: 27/27
 20874 | D:13     | Reached ***** piety under Ru
 20874 | D:13     | Reached ****** piety under Ru
 21278 | D:13     | Found Juigipux's Gadget Emporium.
 21598 | Orc:1    | Entered Level 1 of the Orcish Mines
 21604 | Orc:1    | Paralysed by an orc sorcerer for 6 turns
 21773 | Orc:1    | Found Sigyud's Magic Scroll Shop.
 21850 | Orc:2    | Entered Level 2 of the Orcish Mines
 22222 | Orc:2    | Found Eqonun's Assorted Antiques.
 22473 | Orc:2    | Found a roughly hewn altar of Beogh.
 22619 | Orc:2    | Reached XP level 14. HP: 102/121 MP: 28/28
 22724 | Orc:2    | Found a staircase to the Elven Halls.
 22825 | Orc:2    | Found Laitsuef's General Store.
 22843 | Orc:2    | Reached skill level 10 in Unarmed Combat
 23288 | Orc:2    | Found Rerphizosh's Distillery.
 23399 | Orc:2    | Mangled by a sun demon

Vault maps used:
D:1:      scummos_arrival_simple_crosswalls
D:2:      minmay_tetromino_i2
D:3:      bloody_trog, dancing_weapons_uskayaw,
          gammafunk_temple_overflow_statue, kennysheep_boxes
D:4:      kennysheep_mini_moat, serial_shops, shop, nicolae_shop_trees,
          nicolae_shop_crystal, shop
D:5:      minmay_temple_entry_mist, first_ration, water_boxes_lemuel,
          uniq_blork_the_orc
D:8:      nemelex_xobeh_ov_fountains_minmay, david_nohive_1, uniq_prince_ribbit1
D:9:      nicolae_overflow_crystal_walls, orc_0_dummy, uniq_pikel, uniq_erica
D:10:     lemuel_bear_cage, trove_entry_hex_spiral
D:11:     minmay_lair_entry_grove, lab_entry_generic,
          fedhas_bush_and_centaur_altar
D:12:     evilmike_diamond_2, uniq_fannar, uniq_nessos
D:13:     david_vaults_3, serial_shops, shop
Temple:   regret_index_temple_waves
Lair:1:   beast_lair_carwin_large_1, uniq_urug
Lair:2:   spider_nest_entry_web_field, enter_volcano_3, lemuel_fruit_fields,
          lemuel_fruit_tree, grunt_megastairs_4, minmay_lair_oklob_chamber,
          infiniplex_staircase_pool, lemuel_fruit_fields
Lair:3:   grunt_megastairs_5
Lair:4:   regret_index_bee_streams, elwin_shoals_entry_stream,
          beast_lair_carwin_3, lemuel_fruit_fields
Lair:5:   minmay_slime_entry_oklob_enclosed, kilobyte_rumbling_trees
Lair:6:   gammafunk_lair_ancient_temple
Orc:1:    minmay_goldmine, basic_altar, serial_shops, shop, sword_in_stone,
          uniq_erolcha
Orc:2:    pf_orc_diabolical, serial_shops, shop_fountains, lemuel_statue_altar
Volcano:  volcano_grotto

Skill      XL: |  1  2  3  4  5  6  7  8  9 10 11 12 13 14 15 |
---------------+----------------------------------------------+-----
Spellcasting   | 5 6 7 8 9 10 | 10.4
Short Blades   | 1 2 3 4 5 6 7 8 9 |  9.4
Axes           | 1 2 3 4 5 6 7 8 9 |  9.4
Maces & Flails | 1 2 3 4 5 6 7 8 9 |  9.4
Polearms       | 1 2 3 4 5 6 7 8 9 |  9.4
Staves         | 1 2 3 4 5 6 7 8 9 |  9.4
Slings         | 1 2 3 4 5 6 7 8 9 |  9.4
Bows           | 1 2 3 4 5 6 7 8 9 |  9.4
Crossbows      | 1 2 3 4 5 6 7 8 9 |  9.4
Throwing       | 1 2 3 4 5 6 7 8 9 |  9.4
Stealth        | 1 2 3 4 5 6 7 8 9 |  9.4
Shields        | 1 2 3 4 5 6 7 8 9 |  9.4
Unarmed Combat | 1 2 3 4 5 6 7 10 9 | 10.0
Invocations    | 1 2 3 4 5 6 7 7 8 9 10 | 10.2
Evocations     | 1 2 3 4 5 0 |  0.0
Conjurations   | 1 2 3 4 5 5 6 7 |  7.9
Hexes          | 1 2 3 4 5 5 6 7 |  7.9
Summonings     | 1 2 3 4 5 5 6 7 |  7.9
Necromancy     | 1 2 3 4 5 5 6 7 |  7.9
Translocations | 1 2 3 4 5 5 6 7 |  7.9
Transmutations | 1 2 3 4 5 5 6 7 |  7.9
Fire Magic     | 1 2 3 4 5 5 6 7 |  7.9
Ice Magic      | 1 2 3 4 5 5 6 7 |  7.9
Air Magic      | 1 2 3 4 5 5 6 7 |  7.9
Earth Magic    | 1 2 3 4 5 5 6 7 |  7.9
Poison Magic   | 1 2 3 4 5 5 6 7 |  7.9
Armour         | 3 4 5 6 7 8 9 |  9.7
Fighting       | 5 6 7 8 8 9 10 | 10.3
Long Blades    | 5 6 7 8 8 9 10 | 10.3
Dodging        | 5 6 7 8 8 9 10 | 10.3
Charms         | 6 7 7 8 9 |  9.4

Action                   |  1- 3 |  4- 6 |  7- 9 | 10-12 | 13-15 || total
-------------------------+-------+-------+-------+-------+-------++-------
Melee: Falchion          |    12 |       |       |       |       ||    12
       Dagger            |    74 |   212 |    25 |       |       ||   311
       Bite              |     6 |    30 |    15 |    39 |    92 ||   182
       Punch             |       |     3 |       |       |     6 ||     9
       Trident           |       |       |    43 |       |       ||    43
       Halberd           |       |       |   128 |   396 |   750 ||  1274
       Scimitar          |       |       |       |       |    48 ||    48
       Scythe            |       |       |       |       |    34 ||    34
 Cast: Spectral Weapon   |       |    13 |    31 |    68 |   141 ||   253
       Regeneration      |       |       |     4 |    29 |    34 ||    67
       Shroud of Golubri |       |       |     2 |     4 |       ||     6
       Song of Slaying   |       |       |       |     4 |     3 ||     7
Invok: Reject Sacrifices |       |       |     1 |       |     1 ||     2
       Sacrifice Artific |       |       |       |     1 |       ||     1
       Sacrifice Skill   |       |       |       |     1 |       ||     1
       Apocalypse        |       |       |       |       |     2 ||     2
       Sacrifice Experie |       |       |       |       |     1 ||     1
       Sacrifice Purity  |       |       |       |       |     1 ||     1
       Draw Out Power    |       |       |       |       |     1 ||     1
  Use: Potion            |     1 |       |       |     8 |     5 ||    14
       Scroll            |       |     2 |    11 |    15 |    13 ||    41
 Stab: Sleeping          |     1 |     3 |     3 |     9 |    12 ||    28
       Distracted        |       |       |       |     2 |    15 ||    17
       Paralysed         |       |       |       |     1 |     4 ||     5
       Petrifying        |       |       |       |       |     1 ||     1
       Petrified         |       |       |       |       |     1 ||     1
       Invisible         |       |       |       |       |     3 ||     3
  Eat: Chunk             |     1 |     5 |    10 |    13 |    20 ||    49
       Ration            |       |     1 |       |     3 |     6 ||    10
Armor: Leather armour    |    12 |    34 |       |       |       ||    46
       Ring mail         |       |    17 |    50 |    94 |       ||   161
       Scale mail        |       |       |       |     4 |   213 ||   217
Dodge: Dodged            |    63 |   145 |    94 |   278 |   499 ||  1079
       Rpst.: Falchion   |     4 |       |       |       |       ||     4
       Scimitar          |       |       |       |       |     6 ||     6

Table legend:
 A = Non-vault XP
 B = Vault XP
 C = Vault XP percentage of total XP
 D = Non-vault monster count
 E = Vault monster count
 F = Vault count percentage of total count
                 A         B        C        D         E       F
            +---------+---------+-------+---------+---------+-------
      Total |   62506 |   62386 |  50.0 |     502 |     251 |  33.3
            +---------+---------+-------+---------+---------+-------
        D:1 |      30 |       0 |   0.0 |      18 |       0 |   0.0
        D:2 |      73 |       2 |   2.7 |      16 |       2 |  11.1
        D:3 |      70 |       0 |   0.0 |      26 |       0 |   0.0
        D:4 |     309 |       0 |   0.0 |      14 |       0 |   0.0
        D:5 |     227 |      91 |  28.6 |      13 |       1 |   7.1
        D:6 |     819 |       0 |   0.0 |      22 |       0 |   0.0
        D:7 |    1544 |       0 |   0.0 |      28 |       0 |   0.0
        D:8 |    2556 |    1369 |  34.9 |      40 |      15 |  27.3
        D:9 |    1178 |    1635 |  58.1 |      28 |       2 |   6.7
       D:10 |    4197 |       0 |   0.0 |      34 |       0 |   0.0
       D:11 |    4721 |    1975 |  29.5 |      26 |      13 |  33.3
       D:12 |    4845 |   11197 |  69.8 |      39 |      27 |  40.9
       D:13 |    6351 |    7457 |  54.0 |      36 |      18 |  33.3
     Lair:1 |    3086 |    1621 |  34.4 |      18 |       9 |  33.3
     Lair:2 |    3029 |    1356 |  30.9 |      15 |       4 |  21.1
     Lair:3 |    5406 |     361 |   6.3 |      19 |       1 |   5.0
     Lair:4 |    3810 |   13368 |  77.8 |      15 |      64 |  81.0
     Lair:5 |    6035 |    1169 |  16.2 |      19 |       7 |  26.9
     Lair:6 |   10262 |   11441 |  52.7 |      35 |      28 |  44.4
      Orc:1 |    1943 |       0 |   0.0 |      19 |       0 |   0.0
      Orc:2 |    2015 |    4473 |  68.9 |      22 |      39 |  63.9
    Volcano |       0 |    4871 | 100.0 |       0 |      21 | 100.0
            +---------+---------+-------+---------+---------+-------
